 Dungeon Crawl Stone Soup version 0.28.0-45-g0d030f2227 (webtiles) character file.

Game seed: 5994840642171515541

7079 pkoi the Destroyer (level 10, 0/78 HPs)
             Began as a Demigod Conjurer on Apr 11, 2022.
             Shot with an arrow by a centaur warrior (4 damage)
             ... on level 8 of the Dungeon.
             The game lasted 00:18:26 (16952 turns).

pkoi the Destroyer (Demigod Conjurer)              Turns: 16952, Time: 00:18:27

Health: 0/78       AC: 12    Str: 14    XL:     10   Next: 54%
Magic:  18/21      EV: 13    Int: 35    God:
Gold:   414        SH:  5    Dex: 12    Spells: 8/19 levels left

rFire   . . .      SeeInvis .   w - +4 flail of Yrchy {flame, rPois Int+3}
rCold   . . .      Faith    .   (no shield)
rNeg    + . .      Spirit   .   k - +0 steam dragon scales
rPois   +          Reflect  +   o - +1 helmet
rElec   .          Harm     .   c - +0 cloak
rCorr   .          Rampage  .   j - +0 pair of gloves
Will    +....                   h - +2 pair of boots
Stlth   ++........              i - amulet "Jane" {Reflect rPois SH+5}
HPRegen 0.23/turn               s - ring of positive energy
MPRegen 0.17/turn               y - +6 ring of strength

@: about to teleport
A: high MP 1, forlorn, divine attributes
a: no special abilities


You were on level 8 of the Dungeon.
You visited 2 branches of the dungeon, and saw 9 of its levels.

You collected 414 gold pieces.

Inventory:

Hand Weapons
 b - a +1 dagger of venom
 d - a +1 dagger of protection
 w - the +4 flail of Yrchy (weapon) {flame, rPois Int+3}
   (You took it off a centaur warrior on level 8 of the Dungeon)

   It burns those it strikes, dealing additional fire damage.
   Int:       It affects your intelligence (+3).
   rPois:     It protects you from poison.
Armour
 c - a +0 cloak (worn)
 h - a +2 pair of boots (worn)
 j - a +0 pair of gloves (worn)
 k - +0 steam dragon scales (worn)
 o - a +1 helmet (worn)
Jewellery
 i - the amulet "Jane" (around neck) {Reflect rPois SH+5}
   (You took it off a tengu warrior on level 8 of the Dungeon)

   [amulet of reflection]

   It reflects blocked missile attacks.
   rPois:     It protects you from poison.
   SH:        It affects your SH (+5).
 s - a ring of positive energy (left hand)
 x - a ring of magical power
 y - a +6 ring of strength (right hand)
Wands
 q - a wand of iceblast (7)
 u - a wand of flame (21)
Scrolls
 f - a scroll of teleportation
 g - a scroll of fog
 p - 2 scrolls of identify
 r - a scroll of summoning
 v - 2 scrolls of enchant armour
Potions
 a - a potion of flight
 e - a potion of resistance
 l - 4 potions of curing
 m - 2 potions of heal wounds
 n - a potion of haste
 t - a potion of magic


   Skills:
 + Level 4.0 Fighting
 + Level 4.5 Dodging
 - Level 3.0 Stealth
 + Level 5.3 Spellcasting
 * Level 10.2 Conjurations
 + Level 5.0 Hexes
 + Level 5.6 Translocations
 + Level 3.4 Evocations


You had 8 spell levels left.
You knew the following spells:

 Your Spells              Type           Power      Damage    Failure   Level
a - Magic Dart            Conj           100%       1d8       1%          1
b - Searing Ray           Conj           100%       2d8       1%          2
c - Iskenderun's Mystic   Conj/Tloc      59%        2d12      1%          4
d - Fulminant Prism       Conj/Hex       29%        3d14      1%          4

Your spell library contained the following spells:

 Spells                   Type           Power      Damage    Failure   Level
 Shock                    Conj/Air       100%       1d9       1%          1
 Dazzling Flash           Conj/Hex       100%       N/A       1%          3
 Portal Projectile        Hex/Tloc       92%        N/A       1%          3
 Summon Small Mammal      Summ           36%        N/A       4%          1
 Summon Guardian Golem    Hex/Summ       26%        N/A       4%          3
 Call Canine Familiar     Summ           9%         N/A       12%         3
 Swiftness                Air            9%         N/A       12%         3
 Leda's Liquefaction      Hex/Erth       13%        N/A       14%         4
 Airstrike                Air            4%         N/A       36%         4
 Blade Hands              Tmut           4%         N/A       73%         5
 Excruciating Wounds      Necr           4%         N/A       73%         5


Dungeon Overview and Level Annotations

Branches:
Dungeon (8/15)             Temple (1/1) D:4
   Lair: D:8-11

Shops:
D:3 [   D:7 ([*[


Innate Abilities, Weirdness & Mutations

You have an increased reservoir of magic. (+10% MP)
You shall have no god before yourself.
Your divine heritage dramatically boosts your attributes as you level up.


Message History

Press: ? - help, Dir - move target You conjure a prism of explosive energy!
The centaur shouts!
A fulminant prism comes into view.
A guardian serpent comes into view.
The guardian serpent shouts!
The centaur wields a +3 shortbow.
The centaur shoots an arrow.
The arrow hits your fulminant prism!
A centaur warrior comes into view. It is wielding a +0 whip.
Your fulminant prism crackles loudly.
The centaur shoots an arrow.
The arrow hits your fulminant prism!
Your fulminant prism explodes!
The centaur warrior shouts!
Found a stone staircase leading down.
The centaur warrior drinks a potion.
The centaur warrior seems to speed up.
The centaur zaps a wand.
You easily resist.
The guardian serpent hits you.
The centaur warrior unwields a +0 whip.
The centaur warrior wields a +0 longbow of freezing.
It is covered in frost.
The centaur warrior shoots an arrow.
The arrow hits you! The arrow freezes you.
* * * LOW HITPOINT WARNING * * *
As you read the scroll of teleportation, it crumbles to dust.
You feel strangely unstable.
The centaur warrior shoots an arrow.
The arrow closely misses you.
The centaur zaps a wand.
You easily resist.
The guardian serpent closely misses you.
The centaur warrior shoots an arrow.
The arrow hits you!!
* * * LOW HITPOINT WARNING * * *
The arrow freezes you!
* * * LOW HITPOINT WARNING * * *
The centaur zaps a wand.
You easily resist.
The guardian serpent barely misses you.
The centaur warrior shoots an arrow.
The arrow hits you!
* * * LOW HITPOINT WARNING * * *
The arrow freezes you.
* * * LOW HITPOINT WARNING * * *
The centaur shoots an arrow.
The arrow barely misses you.
The centaur warrior shoots an arrow.
The arrow hits you!
* * * LOW HITPOINT WARNING * * *
The arrow freezes you.
You die...

...............[.....##.#.[....
..........##.........##.#.#####
#............#...(..##.#.#
#............#......##.#.# .#
#...........#...[...#.# ...#
##..........#.......#[#
#...#...........#......)#.#
#....#........#..)....#(#
###.(c......@.##.####...#
###.......S.##.# #####
#...................
#...###.#####......### o. #..#
#......... #.#.. #....c....
#.##.. .......... .# #..
.......### #.#. .......>.


You could see a centaur warrior (fast), a guardian serpent and a centaur.

Vanquished Creatures
  A centaur warrior (D:8)
  A tengu warrior (D:8)
  2 cyclopes (D:8)
  An ugly thing (D:8)
  A gargoyle (D:8)
  Grinder (D:5)
  A slime creature (D:8)
  Sigmund (D:3)
  A shadow (D:8)
  3 wyverns (D:7)
  3 yaks
  A steam dragon (D:5)
  4 water moccasins
  2 orc warriors
  2 ogres
  A phantom (D:7)
  3 kobold brigands
  3 bullfrogs
  2 wyvern zombies
  4 scorpions
  A wyvern skeleton (D:7)
  A water moccasin skeleton (D:5)
  4 killer bees (D:8)
  3 bullfrog zombies
  3 orc priests (D:3)
  3 hounds (D:6)
  2 jellies
  A bullfrog skeleton (D:7)
  A centaur skeleton (D:7)
  2 iguanas (D:6)
  7 orc wizards
  A killer bee zombie (D:6)
  Robin (D:2)
  4 gnolls (D:4)
  13 adders
  A shadow imp (D:6)
  A worm (D:2)
  2 dart slugs
  28 orcs
  9 ball pythons
  10 endoplasms
  16 goblins
  13 hobgoblins
  3 quokkas
  5 bats
  5 frilled lizards
  7 kobolds
  5 rats
190 creatures vanquished.

Vanquished Creatures (others)
  41 fulminant prisms
  3 plants (D:4)
44 creatures vanquished.

Grand Total: 234 creatures vanquished

Notes
Turn   | Place    | Note
-------+----------+-------------------------------------------
     0 | D:1      | pkoi the Demigod Conjurer began the quest for the Orb.
     0 | D:1      | Reached XP level 1. HP: 14/14 MP: 5/5
   472 | D:1      | Reached skill level 4 in Conjurations
   472 | D:1      | Reached XP level 2. HP: 20/20 MP: 1/7
  1223 | D:1      | Learned a level 2 spell: Searing Ray
  1319 | D:2      | Reached XP level 3. HP: 26/26 MP: 5/9
  2214 | D:2      | Reached XP level 4. HP: 28/33 MP: 4/10
  2434 | D:2      | Noticed Robin
  2437 | D:2      | Killed Robin
  2691 | D:3      | Noticed Sigmund
  2811 | D:3      | Killed Sigmund
  2812 | D:3      | Reached skill level 5 in Conjurations
  2812 | D:3      | Reached XP level 5. HP: 32/38 MP: 4/12
  2999 | D:3      | Learned a level 4 spell: Iskenderun's Mystic Blast
  3944 | D:3      | Reached skill level 6 in Conjurations
  3944 | D:3      | Reached XP level 6. HP: 45/45 MP: 8/14
  4456 | D:3      | Found Ymapn's Armour Emporium.
  5093 | D:4      | Reached skill level 1 in Translocations
  6377 | D:4      | Found a staircase to the Ecumenical Temple.
  6397 | Temple   | Entered the Ecumenical Temple
  6572 | Temple   | Learned a level 4 spell: Fulminant Prism
  7205 | D:5      | Entered Level 5 of the Dungeon
  7257 | D:5      | Noticed Grinder
  7264 | D:5      | Killed Grinder
  7265 | D:5      | Reached skill level 7 in Conjurations
  7265 | D:5      | Reached skill level 1 in Hexes
  7265 | D:5      | Reached XP level 7. HP: 44/50 MP: 7/15
  8317 | D:5      | Noticed a steam dragon
  8324 | D:5      | Killed a steam dragon
  8333 | D:5      | Reached XP level 8. HP: 39/57 MP: 4/16
  8537 | D:6      | Reached skill level 8 in Conjurations
  9325 | D:6      | Reached skill level 1 in Fighting
 10941 | D:5      | Reached XP level 9. HP: 52/67 MP: 2/18
 11150 | D:6      | Reached skill level 1 in Evocations
 11380 | D:7      | Found Xodait's Antique Armour Shop.
 11396 | D:6      | Reached skill level 9 in Conjurations
 12715 | D:7      | Found Betzausm's General Store.
 12943 | D:7      | Found Tyobor's Weapon Shop.
 13008 | D:7      | Found Seil's Antique Armour Emporium.
 14018 | D:8      | Noticed a cyclops
 14035 | D:8      | Killed a cyclops
 14036 | D:8      | Reached skill level 5 in Translocations
 14160 | D:8      | Identified the amulet "Jane" {Reflect rPois SH+5}
 14160 | D:8      | Noticed a tengu warrior
 14183 | D:8      | Killed a tengu warrior
 14184 | D:8      | Reached XP level 10. HP: 77/77 MP: 2/21
 14664 | D:8      | Noticed a cyclops
 14669 | D:8      | Noticed a purple ugly thing
 15058 | D:8      | Identified the +4 flail of Yrchy {flame, rPois Int+3}
 15058 | D:8      | Noticed a centaur warrior
 15076 | D:8      | Killed a purple ugly thing
 15077 | D:8      | Reached skill level 5 in Spellcasting
 15575 | D:8      | Killed a centaur warrior
 15576 | D:8      | Reached skill level 10 in Conjurations
 16119 | D:8      | Killed a cyclops
 16500 | D:8      | Reached skill level 5 in Hexes
 16740 | D:8      | Noticed an ice dragon
 16947 | D:8      | Noticed a guardian serpent
 16947 | D:8      | Noticed a centaur warrior
 16952 | D:8      | Shot with an arrow by a centaur warrior

Illustrated notes

Levels and vault maps discovered:
D:1:      lightli_arrival_windingriver, layout_basic
D:2:      layout_basic, minmay_vboxes, uniq_robin
D:3:      layout_loops_corners, serial_shops, nicolae_shop_waterfront,
          shapermc_ecumenical_altar_flowoftime, uniq_sigmund
D:4:      corexii_shack_village, layout_basic, minmay_temple_entry_stoned_glass,
          minmay_misc_feat_diagonals, dk_rats_in_the_wall
D:5:      layout_basic, uniq_grinder
D:6:      layout_basic, gammafunk_temple_overflow_pools
D:7:      layout_cave_pools, mainiacjoe_overflow_24_doors, serial_shops,
          nicolae_square_shop, nicolae_take_the_stairs, shop,
          nicolae_shop_advertising_works [nicolae_subvault_shop_adworks],
          grunt_ministairs_8
D:8:      minmay_the_grid_triangle_9x9_rhombus_thin
          [minmay_the_grid_triangle_9x9_flanged_cone,
          minmay_the_grid_triangle_9x9_prize_insulated,
          minmay_the_grid_triangle_9x9_checkered,
          minmay_the_grid_triangle_9x9_steps], layout_basic,
          minmay_misc_feat_cross, uniq_grum
Temple:   mainiacjoe_temple_coin_purse

Skill      XL: |  1  2  3  4  5  6  7  8  9 10 |
---------------+-------------------------------+-----
Spellcasting   | 2 3 4 5 |  5.3
Conjurations   | 4 5 6 7 8 9 10 | 10.2
Translocations | 2 3 4 5 |  5.6
Hexes          | 1 2 3 4 5 |  5.0
Dodging        | 2 3 4 |  4.5
Stealth        | 2 3 |  3.0
Fighting       | 2 3 4 |  4.0
Evocations     | 2 3 |  3.4

Action                   |  1- 3 |  4- 6 |  7- 9 | 10-12 || total
-------------------------+-------+-------+-------+-------++-------
Melee: Dagger            |     5 |    12 |    49 |     2 ||    68
       Flail             |       |       |       |     3 ||     3
 Cast: Magic Dart        |    81 |   126 |   143 |    13 ||   363
       Searing Ray       |     3 |    14 |    16 |       ||    33
       Iskenderun's Myst |       |     1 |    33 |    27 ||    61
       Fulminant Prism   |       |       |    18 |    23 ||    41
  Use: Scroll            |       |       |    16 |     1 ||    17
       Potion            |       |       |     4 |       ||     4
Armor: Robe              |     5 |     6 |     1 |       ||    12
       Steam dragon scal |       |       |    46 |    14 ||    60
Dodge: Dodged            |     8 |    29 |    92 |    20 ||   149
Block: Other             |       |       |       |     8 ||     8
       Reflection        |       |       |       |     2 ||     2
